 Dungeon Crawl Stone Soup version 0.24-a0-201-gf205589 (webtiles) character file.

Game seed: 8695161363302723195

47 Inarius the Skirmisher (level 3, -2/30 HPs)
             Began as a Demonspawn Monk on Mar 21, 2019.
             Slain by a gnoll
             ... wielding a +0 club
              (5 damage)
             ... on level 2 of the Dungeon.
             The game lasted 00:02:12 (1696 turns).

Inarius the Skirmisher (Demonspawn Monk)            Turns: 1696, Time: 00:02:13

Health: -2/30      AC:  3    Str:  9    XL:     3   Next: 48%
Magic:  3/3        EV:  8    Int: 11    God:
Gold:   42         SH:  6    Dex: 15    Spells: 2/2 levels left

rFire    . . .     SeeInvis .   a - +0 hand axe
rCold    . . .     Gourm    .   k - +0 shield
rNeg     . . .     Faith    .   p - +0 leather armour
rPois    .         Spirit   .   (helmet restricted)
rElec    .         Reflect  .   (no cloak)
rCorr    .         Harm     .   (no gloves)
MR       .....                  (no boots)
Stlth    +.........             (no amulet)
HPRegen  0.10/turn              o - -3 ring of strength (curse)
MPRegen  0.08/turn              (no ring)

@: heavily drained
A: horns 1
a: no special abilities


You were on level 2 of the Dungeon.
You were hungry.

You visited 1 branch of the dungeon, and saw 3 of its levels.

You collected 42 gold pieces.

Inventory:

Hand Weapons
 a - a +0 hand axe (weapon)
Armour
 k - a +0 shield (worn)
 p - a +0 leather armour (worn)
Jewellery
 o - a cursed -3 ring of strength (left hand)
Scrolls
 g - a scroll of amnesia
 h - 3 scrolls of teleportation
 i - a scroll of identify
 l - a scroll of enchant weapon
 n - a scroll of immolation
Potions
 d - a potion of haste {unknown}
 e - 3 potions of mutation {unknown}
 f - a potion of agility {unknown}
Comestibles
 b - a chunk of flesh
 c - 3 rations


   Skills:
 + Level 3.7(2.1) Fighting
 + Level 3.4(1.9) Axes
 - Level 2.9(1.4) Dodging
 - Level 1.8(0.3) Stealth


You had 2 spell levels left.
You didn't know any spells.
Your spell library was empty.

Dungeon Overview and Level Annotations

Branches:
Dungeon (3/15)

Altars:


Innate Abilities, Weirdness & Mutations

You have a pair of small horns on your head.


Message History

You are too injured to fight recklessly!
You are too injured to fight recklessly!
You hit the gnoll but do no damage.
The gnoll is heavily wounded.
You block the gnoll's attack.
You hit the gnoll.
The gnoll is severely wounded.
The gnoll barely misses you.
You closely miss the gnoll.
The gnoll is severely wounded.
The gnoll barely misses you. The gnoll hits you with a +0 club.
* * * LOW HITPOINT WARNING * * *
Your shield prevents you from hitting the gnoll.
The gnoll is severely wounded.
The gnoll hits you with a +0 club.
* * * LOW HITPOINT WARNING * * *
You barely miss the gnoll.
The gnoll is severely wounded.
The gnoll hits you with a +0 club.
You die...

######### ####
#.......# ##.g# ####
#.......# ##..@####..#
#.......###....##....#
#.....รท.#....####.##.#
#..........### #.##.#
#####..##...## ##.##)#
..##........# #..##.#
..##...##.### #.###.#
..##......# #.# #.#
........### #.# #.#


You could see a gnoll.

Vanquished Creatures
  An adder (D:2)
  2 worms (D:2)
  A dart slug (D:1)
  A leopard gecko (D:2)
  5 bats
  2 giant cockroaches (D:2)
  3 goblins (D:2)
  5 hobgoblins
  A kobold (D:2)
  7 frilled lizards
  2 rats
30 creatures vanquished.

Notes
Turn   | Place    | Note
-------+----------+-------------------------------------------
     0 | D:1      | Inarius the Demonspawn Monk began the quest for the Orb.
     0 | D:1      | Reached XP level 1. HP: 18/18 MP: 1/1
    19 | D:1      | You fall through a shaft!
   282 | D:2      | Gained mutation: You have a pair of small horns on your
                  | head. [demonic ancestry]
   282 | D:2      | Reached XP level 2. HP: 24/24 MP: 2/2
  1245 | D:2      | Reached XP level 3. HP: 27/29 MP: 3/3
  1696 | D:2      | Slain by a gnoll

Levels and vault maps discovered:
D:1:      dpeg_arrival_another_circle, layout_basic
D:2:      layout_rooms, serial_bayou_pond_e
D:3:      layout_basic

Skill      XL: |  1  2 |
---------------+-------+-----
Axes           | 3 |  3.4
Fighting       | |  3.7
Dodging        | |  2.9
Stealth        | |  1.8

Action                   || total
-------------------------++-------
Melee: Hand axe          ||   100
       Headbutt          ||    13
  Use: Scroll            ||     4
 Stab: Sleeping          ||     5
  Eat: Chunk             ||     2
Armor: Robe              ||    13
       Leather armour    ||     9
Dodge: Dodged            ||    66
Block: Shield            ||    18

Table legend:
 A = Non-vault XP
 B = Vault XP
 C = Vault XP percentage of total XP
 D = Non-vault monster count
 E = Vault monster count
 F = Vault count percentage of total count
                 A         B        C        D         E       F
            +---------+---------+-------+---------+---------+-------
      Total |      68 |       0 |   0.0 |      30 |       0 |   0.0
            +---------+---------+-------+---------+---------+-------
        D:1 |      20 |       0 |   0.0 |      12 |       0 |   0.0
        D:2 |      48 |       0 |   0.0 |      18 |       0 |   0.0
            +---------+---------+-------+---------+---------+-------
